 Dungeon Crawl Stone Soup version 0.26-a0-501-g57170428f2 (webtiles) character file.

Game seed: 10017683584807251213

16086 Devinter the Frost Mage (level 11, -12/84 HPs)
             Began as a Demigod Ice Elementalist on Aug 7, 2020.
             Killed from afar by a frost giant (17 damage)
             ... with a bolt of cold
             ... in an ice cave.
             The game lasted 01:31:34 (13544 turns).

Devinter the Frost Mage (Demigod Ice Elementalist) Turns: 13544, Time: 01:31:34

Health: -12/84     AC: 16    Str: 17    XL:     11   Next: 76%
Magic:  3/27       EV: 18    Int: 25    God:
Gold:   720        SH:  0    Dex: 16    Spells: 5/26 levels left

rFire    + + .     SeeInvis .   U - +3 Elemental Staff {rElec rF++ rC++ MR++ AC+5}
rCold    + + .     Faith    .   (no shield)
rNeg     . . .     Spirit   .   Q - +0 leather armour {rPois}
rPois    +         Reflect  .   d - +2 hat
rElec    +         Harm     .   t - +2 cloak {rPois}
rCorr    .                      J - +0 pair of gloves
MR       +++..                  f - +0 pair of boots
Stlth    ++........             V - amulet of magic regeneration
HPRegen  0.24/turn              e - +4 ring of evasion
MPRegen  0.45/turn              L - +6 ring of strength

@: frozen ramparts, hasted, very quick
A: high mp 1
a: no special abilities


You were in an ice cave.
You visited 1 branch of the dungeon, and saw 12 of its levels.
You also visited: Ice Cave.

You collected 750 gold pieces.
You spent 30 gold pieces at shops.

Inventory:

Hand Weapons
 m - a +3 quarterstaff of chaos
 U - the +3 Elemental Staff (weapon) {rElec rF++ rC++ MR++ AC+5}
   (You found it on level 10 of the Dungeon)

   It affects your AC (+5).
   It greatly protects you from fire.
   It greatly protects you from cold.
   It insulates you from electricity.
   It affects your resistance to hostile enchantments.
 Y - a +0 shortbow
 Z - a +2 falchion of electrocution
Missiles
 i - 367 stones (quivered)
 q - 98 sling bullets
 x - 12 poisoned darts
 y - 162 arrows
 P - 58 bolts
Armour
 c - a cursed -2 leather armour
 d - a +2 hat (worn)
 f - a +0 pair of boots (worn)
 p - a +3 scale mail of positive energy
 t - a +2 cloak of poison resistance (worn)
 J - a +0 pair of gloves (worn)
 Q - a +0 leather armour of poison resistance (worn)
 W - a +4 chain mail
Magical Staves
 T - an uncursed staff of summoning
Jewellery
 e - a +4 ring of evasion (left hand)
 g - an uncursed ring of protection from fire
 L - a +6 ring of strength (right hand)
 V - an amulet of magic regeneration (around neck)
Wands
 a - a wand of enslavement (11)
 u - a wand of digging (3)
 D - a wand of flame (2)
 K - a wand of polymorph (4)
 X - a wand of random effects (42)
Scrolls
 j - 2 scrolls of fog {unknown}
 l - a scroll of identify
 r - 4 scrolls of fear {unknown}
 s - 2 scrolls of amnesia {unknown}
 z - a scroll of blinking {unknown}
 B - 6 scrolls of teleportation
 C - 8 scrolls of remove curse
 F - 2 scrolls of noise {unknown}
 H - 5 scrolls of immolation {unknown}
 I - a scroll of magic mapping {unknown}
 N - a scroll of enchant armour {unknown}
 S - a scroll of enchant weapon {unknown}
Potions
 b - 6 potions of curing
 h - a potion of cancellation
 n - a potion of berserk rage {unknown}
 o - 2 potions of magic
 v - 3 potions of mutation
 w - 3 potions of flight
 A - 3 potions of stabbing
 E - 3 potions of ambrosia
 G - 4 potions of lignification
 M - 3 potions of haste
 O - a potion of brilliance {unknown}


   Skills:
 - Level 4.0 Fighting
 - Level 4.0 Staves
 - Level 4.0 Armour
 - Level 4.0 Dodging
 - Level 2.0 Stealth
 - Level 8.0 Spellcasting
 - Level 4.0 Conjurations
 - Level 4.0 Summonings
 + Level 11.6 Ice Magic
 + Level 4.0 Air Magic
 - Level 4.0 Evocations


You had 5 spell levels left.
You knew the following spells:

 Your Spells              Type           Power        Failure   Level
a - Freeze                Ice            ####         1%          1
b - Ozocubu's Armour      Ice            #######.     1%          3
c - Frozen Ramparts       Ice            ######       1%          3
d - Summon Ice Beast      Ice/Summ       ######..     3%          4
e - Hailstorm             Conj/Ice       ######..     3%          4
f - Swiftness             Air            #####...     1%          2
g - Airstrike             Air            #####.....   14%         4

Your spell library contained the following spells:

 Spells                   Type           Power        Failure   Level
 Shock                    Conj/Air       ####         1%          1
 Summon Small Mammal      Summ           ####         1%          1
 Static Discharge         Conj/Air       #####...     4%          3
 Animate Skeleton         Necr           ##....       7%          1
 Apportation              Tloc           ##....       7%          1
 Corona                   Hex            ##.....      7%          1
 Lightning Bolt           Conj/Air       #####.....   36%         5


Dungeon Overview and Level Annotations

Branches:
Dungeon (12/15)            Temple (0/1) D:6            Lair (0/6) D:10
    Orc (0/2) D:10          IceCv (1/1)

Shops:
D:7 *

Annotations:
IceCv exclusion: ice statue


Innate Abilities, Weirdness & Mutations

You have an increased reservoir of magic. (+10% MP)


Message History

The frost giant is almost dead.
The frost giant hits you with a +1 battleaxe of freezing!
* * * LOW HITPOINT WARNING * * *
You feel yourself speed up. The frost giant casts a spell at you.
The bolt of cold hits you! You resist.
* * * LOW HITPOINT WARNING * * *
Casting: Airstrike (dangerous; 14% risk of failure)
Confirm with . or Enter, or press ? or * to list all spells.
Okay, then.
Casting: Airstrike (dangerous; 14% risk of failure)
Confirm with . or Enter, or press ? or * to list all spells.
You feel a surge of power!
The walls around you are covered in ice.
* * * LOW MAGIC WARNING * * *
The frost giant completely resists.
The wall freezes the frost giant but do no damage.
The frost giant points at you and mumbles some strange words.
The bolt of cold hits you! You resist.
You die...

#.. # #.. # ##.. # ≈ ##..
####≈≈≈##..# ..##≈≈≈###.####
.##≈≈≈≈≈≈#.(((### ###
°#≈≈≈≈≈≈≈≈####C.#####.###
##≈≈≈≈≈≈≈≈≈≈####@.##.#..###
#≈≈≈≈≈≈≈##.#.####..####..#
#≈≈≈≈≈≈≈##..####### #..###
##≈≈≈#≈ ###....### ##...##
###≈≈≈######....#...###..⌠..#
##≈≈##†.##.....####..###...##
.≈######......## ##......##
### ######## ########


You could see a frost giant.

Vanquished Creatures
  Harold (D:7)
  Erica (D:10)
  2 death yaks (IceCv)
  A rime drake (IceCv)
  4 trolls
  14 polar bears (IceCv)
  A hippogriff (D:8)
  Sigmund (D:3)
  10 yaks
  2 humans (D:8)
  Menkaure (D:7)
  2 wargs (D:10)
  The ghost of Ogre the Sneak, an amateur KoBr of Okawaru (D:3)
  A water moccasin (D:5)
  5 orc warriors
  2 black bears
  2 ice beasts (D:6)
  2 sky beasts
  An eye of draining (D:11)
  17 wolves (IceCv)
  4 centaurs
  A big kobold (D:8)
  6 bullfrogs
  A gnoll sergeant (D:6)
  A wyvern skeleton (D:7)
  A scorpion (D:6)
  10 killer bees
  2 wights (D:12)
  An electric eel (D:8)
  7 howler monkeys
  A centaur zombie (D:8)
  A gnoll shaman (D:5)
  Crazy Yiuf (D:2)
  3 jellies
  2 centaur skeletons
  8 orc priests
  7 hounds
  11 orc wizards
  Terence (D:2)
  2 iguanas
  3 worker ants
  2 hound skeletons
  A howler monkey skeleton (D:5)
  9 adders
  13 gnolls
  A shadow imp (D:6)
  4 white imps
  An ufetubus (D:5)
  An ooze (D:1)
  2 adder zombies
  5 worms
  8 dart slugs
  6 leopard geckos
  39 orcs
  4 giant cockroaches
  5 hobgoblins
  7 jackals
  2 quokkas (D:3)
  A ball python (D:1)
  6 bats
  4 frilled lizards
  3 goblins
  6 kobolds
  5 rats
280 creatures vanquished.

Vanquished Creatures (collateral kills)
  2 polar bears (IceCv)
  A wyvern (D:9)
  A yak (IceCv)
  3 orc warriors (D:10)
  A centaur (D:9)
  2 wights (D:12)
  An orc wizard (D:9)
11 creatures vanquished.

Vanquished Creatures (others)
  2 polar bears (IceCv)
  2 yaks (IceCv)
  A wolf (IceCv)
5 creatures vanquished.

Grand Total: 296 creatures vanquished

Notes
Turn   | Place    | Note
-------+----------+-------------------------------------------
     0 | D:1      | Devinter the Demigod Ice Elementalist began the quest for
                  | the Orb.
     0 | D:1      | Reached XP level 1. HP: 14/14 MP: 5/5
   102 | D:1      | Reached skill level 2 in Stealth
   189 | D:1      | Reached skill level 2 in Dodging
   195 | D:1      | Reached skill level 2 in Spellcasting
   278 | D:1      | Reached XP level 2. HP: 20/20 MP: 5/7
   627 | D:2      | Reached skill level 4 in Ice Magic
   822 | D:2      | Found a burning altar of Makhleb.
   822 | D:2      | Found a shimmering altar of Xom.
   890 | D:2      | Found a runed translucent door.
   891 | D:2      | Noticed Crazy Yiuf
   899 | D:2      | Killed Crazy Yiuf
   899 | D:2      | Reached XP level 3. HP: 22/26 MP: 3/8
   937 | D:2      | Learned a level 3 spell: Ozocubu's Armour
  1029 | D:2      | Noticed Terence
  1035 | D:2      | Killed Terence
  1035 | D:2      | Reached XP level 4. HP: 31/33 MP: 5/10
  1044 | D:2      | Learned a level 3 spell: Frozen Ramparts
  1086 | D:1      | Reached skill level 5 in Ice Magic
  1308 | D:2      | Found a shattered altar of Ashenzari.
  1337 | D:2      | Found an opulent altar of Gozag.
  1407 | D:3      | Noticed Sigmund
  1629 | D:3      | Reached skill level 3 in Spellcasting
  1742 | D:3      | Found a runed translucent door.
  1742 | D:3      | Noticed Ogre's ghost (amateur KoBr)
  1859 | D:3      | Found a sacrificial altar of Ru.
  1974 | D:3      | Killed Ogre's ghost
  1974 | D:3      | Reached XP level 5. HP: 37/38 MP: 5/13
  2166 | D:3      | Found a glowing silver altar of Zin.
  2340 | D:3      | Killed Sigmund
  2340 | D:3      | Reached skill level 4 in Spellcasting
  2340 | D:3      | Reached skill level 6 in Ice Magic
  2340 | D:3      | Reached XP level 6. HP: 33/45 MP: 3/15
  2360 | D:3      | Learned a level 4 spell: Summon Ice Beast
  2642 | D:4      | Reached skill level 1 in Summonings
  2953 | D:5      | Entered Level 5 of the Dungeon
  2982 | D:5      | Noticed a water moccasin
  3202 | D:5      | You fall into a shaft and drop 1 floor!
  3212 | D:6      | Reached XP level 7. HP: 50/50 MP: 12/16
  3225 | D:6      | Reached skill level 2 in Summonings
  3819 | D:5      | Reached skill level 3 in Summonings
  3819 | D:5      | Reached skill level 7 in Ice Magic
  4256 | D:6      | Found a hazy altar of Hepliaklqana.
  4458 | D:6      | Found a staircase to the Ecumenical Temple.
  4823 | D:6      | Reached skill level 4 in Summonings
  5094 | D:6      | Reached XP level 8. HP: 47/57 MP: 17/17
  5146 | D:6      | Reached skill level 8 in Ice Magic
  5147 | D:6      | Reached skill level 3 in Dodging
  5399 | D:6      | Reached skill level 4 in Dodging
  5628 | D:7      | Reached skill level 1 in Armour
  5648 | D:7      | Reached skill level 2 in Armour
  5676 | D:7      | Reached skill level 3 in Armour
  5681 | D:7      | Noticed Menkaure
  5704 | D:7      | Killed Menkaure
  5704 | D:7      | Reached skill level 4 in Armour
  5782 | D:7      | Noticed Harold
  6128 | D:7      | Found Wumoukhe's General Store.
  6158 | D:7      | Bought a scroll of identify for 30 gold pieces
  6254 | D:7      | Killed Harold
  6254 | D:7      | Reached skill level 6 in Spellcasting
  6254 | D:7      | Reached XP level 9. HP: 22/62 MP: 11/21
  6934 | D:8      | Reached skill level 9 in Ice Magic
  7016 | D:8      | Found an iron altar of Okawaru.
  7105 | D:8      | Reached skill level 10 in Ice Magic
  7857 | D:9      | Learned a level 4 spell: Hailstorm
  7953 | D:9      | Reached skill level 1 in Conjurations
  7953 | D:9      | Reached XP level 10. HP: 24/69 MP: 19/24
  8278 | D:9      | Reached skill level 2 in Conjurations
  8289 | D:9      | Reached skill level 7 in Spellcasting
  8753 | D:9      | Learned a level 2 spell: Swiftness
  9139 | D:10     | Entered Level 10 of the Dungeon
  9145 | D:10     | Reached skill level 1 in Air Magic
  9168 | D:10     | Reached skill level 3 in Conjurations
  9185 | D:10     | Reached skill level 2 in Air Magic
  9414 | D:10     | Found a shattered altar of Ashenzari.
  9825 | D:10     | Reached skill level 4 in Conjurations
  9825 | D:10     | Reached skill level 3 in Air Magic
  9830 | D:10     | Found a staircase to the Lair.
 10024 | D:10     | Found a staircase to the Orcish Mines.
 10128 | D:10     | Found the +3 Elemental Staff {rElec rF++ rC++ MR++ AC+5}
 10213 | D:10     | Noticed Erica
 10220 | D:10     | Killed Erica
 10220 | D:10     | Reached skill level 1 in Staves
 10220 | D:10     | Reached skill level 8 in Spellcasting
 10220 | D:10     | Reached skill level 4 in Air Magic
 10471 | D:11     | Reached skill level 2 in Staves
 10476 | D:11     | Found a frozen archway.
 10476 | D:11     | Noticed a two-headed ogre
 10479 | D:11     | Noticed a cyclops
 10543 | D:11     | Noticed a two-headed ogre
 10569 | D:12     | Reached skill level 3 in Staves
 10789 | IceCv    | Entered an ice cave
 10879 | IceCv    | HP: 4/69 [polar bear (13)]
 10887 | IceCv    | Reached skill level 4 in Staves
 11293 | IceCv    | Reached skill level 1 in Fighting
 11293 | IceCv    | Reached XP level 11. HP: 50/77 MP: 22/27
 11753 | IceCv    | Reached skill level 2 in Fighting
 11763 | IceCv    | Reached skill level 3 in Fighting
 12000 | IceCv    | Reached skill level 4 in Fighting
 12004 | IceCv    | Reached skill level 1 in Evocations
 12005 | IceCv    | Reached skill level 2 in Evocations
 12017 | IceCv    | Reached skill level 3 in Evocations
 12297 | IceCv    | Reached skill level 4 in Evocations
 12942 | IceCv    | Noticed a death yak
 12957 | IceCv    | Killed a death yak
 12957 | IceCv    | Reached skill level 11 in Ice Magic
 13163 | IceCv    | Noticed a death yak
 13178 | IceCv    | Killed a death yak
 13187 | IceCv    | Noticed a frost giant
 13505 | IceCv    | Learned a level 4 spell: Airstrike
 13542 | IceCv    | HP: 4/84 [frost giant/bolt of cold (15)]
 13544 | IceCv    | Killed from afar by a frost giant

Illustrated notes

Levels and vault maps discovered:
D:1:      roderic_crop_circles_arrival_large, layout_basic
D:2:      layout_rooms, gammafunk_temple_overflow_elements,
          nicolae_overflow_crystal_walls, ashenzari_conservatory_becter,
          minmay_fractal_squares_5, uniq_crazy_yiuf_cottage, uniq_terence
D:3:      layout_loops_corners, lemuel_crystal_altar, zin_statuary,
          gammafunk_ghost_grave, grunt_decor_one_mirror, serial_bayou_crossing,
          uniq_sigmund
D:4:      kennysheep_slugbush, layout_cave_pools, eino_tiny_chamber
D:5:      layout_basic
D:6:      minmay_opposing_rooms, layout_basic, lemuel_crystal_altar,
          minmay_temple_entry_slanted
D:7:      layout_loops_ring, serial_shops, nicolae_shop_statue_plus,
          uniq_menkaure, uniq_harold
D:8:      cheibrodos_helix_gallery, layout_rooms, okawaru_humans
D:9:      layout_basic, due_unseen_surprise
D:10:     layout_roguey, erik_lair_orcish_takeover, david_orc_4, basic_altar,
          uniq_erica
D:11:     layout_cave_pools, portal_ice_cave_entry_ice_beasts
D:12:     layout_stronghold, gammafunk_ghost_necromancy, hangedman_misty_isle,
          uniq_frances, uniq_sonja
IceCv:    ice_cave_caverns_02

Skill      XL: |  1  2  3  4  5  6  7  8  9 10 11 |
---------------+----------------------------------+-----
Stealth        | 2 |  2.0
Dodging        | 2 4 |  4.0
Spellcasting   | 2 3 4 6 8 |  8.0
Ice Magic      | 4 5 6 7 8 10 11 | 11.6
Summonings     | 1 4 |  4.0
Armour         | 4 |  4.0
Conjurations   | 1 4 |  4.0
Air Magic      | 4 |  4.0
Staves         | 4 |  4.0
Fighting       | 1 4 |  4.0
Evocations     | 4 |  4.0

Action                   |  1- 3 |  4- 6 |  7- 9 | 10-12 || total
-------------------------+-------+-------+-------+-------++-------
Melee: Dagger            |    14 |    29 |       |       ||    43
       Unarmed           |     1 |       |       |       ||     1
       Falchion          |       |    29 |   158 |    50 ||   237
       Long sword        |       |       |    40 |     8 ||    48
       Staff             |       |       |       |   268 ||   268
Throw: Stone             |       |     3 |       |       ||     3
       Throwing net      |       |       |       |     4 ||     4
       Dart              |       |       |       |    25 ||    25
 Cast: Freeze            |    38 |    79 |    56 |    39 ||   212
       Frozen Ramparts   |       |     5 |    25 |    42 ||    72
       Ozocubu's Armour  |       |     2 |     4 |    13 ||    19
       Summon Ice Beast  |       |       |     2 |    12 ||    14
       Hailstorm         |       |       |       |    31 ||    31
       Swiftness         |       |       |       |     1 ||     1
       Airstrike         |       |       |       |    12 ||    12
Evoke: Wand              |       |       |    11 |     4 ||    15
  Use: Potion            |     1 |       |       |     4 ||     5
       Scroll            |       |     2 |       |    14 ||    16
 Stab: Sleeping          |     5 |     7 |     5 |     2 ||    19
Armor: Robe              |     8 |    35 |     6 |       ||    49
       Leather armour    |       |       |    71 |   204 ||   275
Dodge: Dodged            |    26 |    96 |   232 |   472 ||   826
       Rpst.: Falchion   |       |    12 |    58 |    12 ||    82
       Long sword        |       |       |    12 |     2 ||    14

Table legend: (Time is in decaauts)
 A = Elapsed time spent in this place.
 B = Non-inter-level travel time spent in this place.
 C = Inter-level travel time spent in this place.
 D = Time resting spent in this place.
 E = Time spent auto-exploring this place.
 F = Levels seen in this place.
 G = Mean time per level.
                   A        B        C        D        E       F      G
               +--------+--------+--------+--------+--------+-----+--------+
         Total |  13658 |  13419 |    239 |   5083 |   2299 |  13 | 1050.6 |
       Dungeon |  10892 |  10653 |    239 |   3115 |   2299 |  12 |  907.7 |
      Ice Cave |   2765 |   2765 |      0 |   1968 |      0 |   1 | 2765.0 |
               +--------+--------+--------+--------+--------+-----+--------+

Top non-repeatable levels by time:
   IceCv: 2765 daAuts
     D:9: 1545 daAuts
     D:6: 1535 daAuts
     D:5: 1211 daAuts
     D:8: 1174 daAuts
    D:10: 1108 daAuts
     D:3: 1087 daAuts
     D:7: 981 daAuts
     D:2: 707 daAuts
     D:1: 683 daAuts
     D:4: 520 daAuts
    D:12: 227 daAuts
    D:11: 109 daAuts
